AoeStats
← ALIKOG_IR

Migration

507214965Analyzed
1v1 RM · 14d ago on Sep 17, 2026· 23m 44s· 2 players
Game mode
Random Map
Map size
132×132
Population
200
Speed
Normal
Resources
Standard
Victory
Conquest
Starting age
Dark Age
Ending age
Imperial Age
RankedLock teamsTeams togetherTeam positionsShared explorationLock speedFull tech treeHidden civsTurbo modeCheats
Victory
Defeat
🇦🇷 Georgians · Argentina
1394
+14
🇺🇸 Goths · United States
1356
-14
ALIKOG_IR
8:46 Loom
11:15 Feudal Age
12:05 Double-Bit Axe
12:05 Horse Collar
13:30 Gold Mining
17:44 Castle Age
16:59 Forging
16:53 Fletching
19:17 Medium Warships
21:51 Bodkin Arrow
23:22 Bow Saw
Zuppa
0:32 Loom
10:35 Feudal Age
11:06 Fishing Lines
11:29 Double-Bit Axe
16:29 Castle Age
14:53 Gold Mining
14:54 Horse Collar
15:16 Scale Mail Armor
15:20 Man-at-Arms
17:32 Heavy Plow
21:51 Squires
21:57 Long Swordsman
22:54 Bow Saw
Connection lost

Rejoining the realm…

Still unreachable

The connection could not be restored.

Session expired

The server has moved on; the page needs a fresh start.